[Event "*** Titled Tuesday 3|2 Blitz (Late)"]
[Site "Chess.com"]
[Date "2016.12.06"]
[Round "9"]
[White "MattyDPerrine"]
[Black "Bishops83"]
[Result "0-1"]
[WhiteElo "2237"]
[BlackElo "2295"]
[TimeControl "180+2"]
[EndTime "18:47:16 PST"]
[Termination "Bishops83 won by resignation"]

1. d4 d5 2. c4 e6 3. Nc3 c6 4. e4 dxe4 5. Nxe4 Bb4+ 6. Bd2 Qxd4 7. Bxb4 Qxe4+ 8. Be2 Qxg2 9. Qd2 Qxh1 10. Qg5 Qxh2 11.
Qxg7 Nd7 12. O-O-O Qh6+ 0-1

[Event "*** Titled Tuesday 3|2 Blitz (Late)"]
[Site "Chess.com"]
[Date "2016.12.06"]
[Round "9"]
[White "jposthuma"]
[Black "Buffy7"]
[Result "0-1"]
[WhiteElo "2230"]
[BlackElo "2474"]
[TimeControl "180+2"]
[EndTime "18:48:37 PST"]
[Termination "Buffy7 won by resignation"]

1. d4 Nf6 2. c4 g6 3. Nc3 d5 4.
cxd5 Nxd5 5. Na4 e5 6. e4 Nf6 7. dxe5 Qxd1+ 8. Kxd1 Nxe4 9. Be3 Bd7 10. Nc3 Nxc3+ 11. bxc3 Nc6 12. f4 O-O-O 13. Ke1 g5 14. Nf3 gxf4 15. Bxf4 Bg7 16. Bc4 Nxe5 17. Bxe5 Bxe5 18.
Nxe5 Rhe8 19. Be2 Rxe5 20. Kf2 Bc6 21. Rhe1 Rd2 22. Kg1 Rdxe2 23. Rxe2 Rxe2 24. Kf1 Rxg2 25. Re1 Rxa2 26. Re7 Rxh2 27. Rxf7 b5 28. Rf6 Kb7 29. Ke1 Rb2 30. Kd1 a5 31. Kc1 Rg2 32. Rh6 Be4 33.
c4 b4 34. c5 b3 35. c6+ Kb6 36. Kd1 b2 0-1

[Event "*** Titled Tuesday 3|2 Blitz (Late)"]
[Site "Chess.com"]
[Date "2016.12.06"]
[Round "9"]
[White "silverback96"]
[Black "Alliswell998"]
[Result "1-0"]
[WhiteElo "2021"]
[BlackElo "2131"]
[TimeControl "180+2"]
[EndTime "18:49:32 PST"]
[Termination "silverback96 won by checkmate"]

1. d4 Nf6 2. c4 c5 3. d5 b5 4.
cxb5 a6 5. bxa6 g6 6. Nc3 Bg7 7. e4 O-O 8. Nf3 Qa5 9. Bd2 Bxa6 10. Be2 Bxe2 11. Qxe2 Qa6 12. e5 Qxe2+ 13. Kxe2 Ng4 14. Bf4 Na6 15. a4 Rfb8 16. Nb5 Nb4 17. Rhc1 Nxd5 18. Bg3 Rc8 19. a5 d6 20. h3 Nxe5 21. Nxe5 dxe5 22.
a6 f5 23. a7 f4 24. Bh4 h6 25. f3 Bf6 26. Bf2 c4 27. Ra4 c3 28. Nxc3 Nxc3+ 29.
Rxc3 Rxc3 30. bxc3 Kf7 31. Rb4 e4 32. fxe4 Be5 33.
Rb7 Ke6 34. Bc5 Bd6 35. Bb6 g5 36. c4 h5 37. c5 Be5 38. c6 g4 39. c7 Kd7 40. Rb8 Bxc7 41. Rxa8 Bxb6 42. Rd8+ Kxd8 43. a8=Q+ Kd7 44. Qd5+ Kc8 45. Qxh5 f3+ 46. gxf3 gxf3+ 47. Kxf3 Bc7 48. Qf5+ Kd8 49. Qe6 Bd6 50. h4 Ke8 51. h5 Kf8 52. h6 Bc5 53. h7 Kg7 54. Qg8+ Kf6 55. h8=Q# 1-0

[Event "*** Titled Tuesday 3|2 Blitz (Late)"]
[Site "Chess.com"]
[Date "2016.12.06"]
[Round "9"]
[White "Peroncio"]
[Black "Apocalyps999"]
[Result "0-1"]
[WhiteElo "2465"]
[BlackElo "2450"]
[TimeControl "180+2"]
[EndTime "18:49:53 PST"]
[Termination "Apocalyps999 won on time"]

1. e4 d5 2. exd5 Qxd5 3. Nf3 Nc6 4.
Be2 Bg4 5. O-O O-O-O 6. c4 Qf5 7.
Nc3 Nf6 8. b4 e5 9. Ne1 Bxe2 10.
Qxe2 Bxb4 11. Bb2 Bc5 12. Nf3 e4 13. Nh4 Qg5 14. g3 Rxd2 15. Nxe4 Rxe2 16. Nxg5 Rxb2 17.
Nxf7 Rf8 18. Ng5 h6 19. Ne6 Ne4 20. Nxf8 Bxf8 21. Rae1 Nf6 22. Nf5 Rxa2 23. Re6 a5 24. Rfe1 Bc5 25. R1e2 Rxe2 26. Rxe2 Nd4 27. Re5 Nf3+ 28.
Kg2 Nxe5 0-1

[Event "*** Titled Tuesday 3|2 Blitz (Late)"]
[Site "Chess.com"]
[Date "2016.12.06"]
[Round "9"]
[White "Scott-fox21"]
[Black "capatl"]
[Result "0-1"]
[WhiteElo "2172"]
[BlackElo "2394"]
[TimeControl "180+2"]
[EndTime "18:50:19 PST"]
[Termination "capatl won by resignation"]

1. d4 Nf6 2. c4 e6 3. Nc3 d5 4.
Bg5 Nbd7 5. cxd5 exd5 6. e3 c6 7. Bd3 Be7 8. Nge2 Nf8 9. O-O Ne6 10. Bh4 g6 11. Qc2 Ng7 12. Rab1 Bf5 13. b4 Bxd3 14. Qxd3 a6 15. a4 Nf5 16. Bxf6 Bxf6 17. b5 axb5 18. axb5 O-O 19. bxc6 bxc6 20. Rfc1 Ra3 21. Qc2 Nd6 22. Na4 Nc4 23. Nb2 Nxe3 24. fxe3 Rxe3 25.
Nd1 Re6 26. Nf2 Rfe8 27. Nf4 Rd6 28. Qd2 Bg7 29. Re1 Rf8 30. Qe3 Qg5 31. Rbd1 h5 32.
N2h3 Qf5 33. Nd3 Re6 34. Qf2 Qg4 35. Rxe6 Qxd1+ 36. Qf1 Bxd4+ 37. Nhf2 Qxf1+ 38. Kxf1 fxe6 39. Ke2 Bxf2 40. Nxf2 Rxf2+ 41. Kxf2 Kf7 0-1

[Event "*** Titled Tuesday 3|2 Blitz (Late)"]
[Site "Chess.com"]
[Date "2016.12.06"]
[Round "9"]
[White "1e41-0"]
[Black "Divertissement"]
[Result "0-1"]
[WhiteElo "2199"]
[BlackElo "2428"]
[TimeControl "180+2"]
[EndTime "18:50:25 PST"]
[Termination "Divertissement won by checkmate"]

1. e4 e5 2. Nf3 Nc6 3. g3 Nf6 4.
d3 Bc5 5. Bg2 d6 6. O-O Bg4 7.
c3 a6 8. Nbd2 Ba7 9. Nc4 Qd7 10.
Be3 Bh3 11. Bxa7 Bxg2 12. Kxg2 Rxa7 13. Ne3 Ne7 14. Re1 Ng6 15. d4 O-O 16. Qd3 exd4 17. cxd4 Raa8 18. Rad1 Rfe8 19. Nf5 Rad8 20. h4 Nh5 21.
Qd2 d5 22. Qg5 dxe4 23. Qxh5 exf3+ 24. Qxf3 c6 25. h5 Ne7 26. Nxg7 Kxg7 27. h6+ Kf8 28. Qf6 Qg4 29. Re5 Qg6 30. Qf4 Nd5 31. Qh4 Rxe5 32.
dxe5 Ne3+ 33. fxe3 Rxd1 34. Qb4+ Ke8 35. Qc4 Rd2+ 36.
Kf3 Qf5+ 37. Qf4 Qxf4+ 38. exf4 Rxb2 39. f5 Rxa2 40. g4 Ra4 41. g5 Kf8 42. e6 Rh4 43. g6 hxg6 44. Kg3 Rxh6 45. exf7 Kxf7 46. fxg6+ Rxg6+ 47. Kf3 Re6 48. Kf4 a5 49. Kf3 a4 50.
Kf2 a3 51. Kf3 a2 52. Kf4 a1=Q 53. Kg5 Qf6+ 54. Kg4 Re5 55. Kg3 Rg5+ 56. Kh4 Qh6# 0-1

[Event "*** Titled Tuesday 3|2 Blitz (Late)"]
[Site "Chess.com"]
[Date "2016.12.06"]
[Round "9"]
[White "Sethu0025"]
[Black "jcibarra"]
[Result "1-0"]
[WhiteElo "2615"]
[BlackElo "2609"]
[TimeControl "180+2"]
[EndTime "18:50:30 PST"]
[Termination "Sethu0025 won by resignation"]

1. e4 e5 2. Nf3 Nc6 3. Bb5 Nf6 4.
d3 Bc5 5. Bxc6 dxc6 6. Qe2 Bd6 7. Nbd2 Nd7 8. Nc4 Qe7 9. Bd2 Nb6 10. Ne3 g6 11. a4 a5 12. Bc3 Bb4 13. Qd2 f6 14. h4 h5 15. Bxb4 axb4 16. a5 Be6 17. O-O Nd7 18.
d4 c5 19. dxe5 Nxe5 20. Nxe5 fxe5 21. f4 Qxh4 22. f5 gxf5 23. Nxf5 Bxf5 24. Rxf5 Qxe4 25.
Qg5 Kd7 26. Rd1+ Kc6 27. Rxe5 Qc4 28. Qf6+ Kb5 29. b3 Qxc2 30. Qf1+ Kxa5 31. Rc1 Qxc1 32. Qxc1 b6 33. Re7 Rhc8 34. Qc4 Rg8 35. Re1 1-0

[Event "*** Titled Tuesday 3|2 Blitz (Late)"]
[Site "Chess.com"]
[Date "2016.12.06"]
[Round "9"]
[White "spirals5"]
[Black "FranklinAPalomo"]
[Result "1-0"]
[WhiteElo "2304"]
[BlackElo "2377"]
[TimeControl "180+2"]
[EndTime "18:51:05 PST"]
[Termination "spirals5 won by resignation"]

1. e4 c5 2. Nc3 e6 3. g3 a6 4. Bg2 Be7 5. e5 h5 6. h3 Nc6 7. f4 g5 8. d3 h4 9. g4 gxf4 10.
Bxf4 Bg5 11. Qd2 Bxf4 12. Qxf4 Qc7 13. Bxc6 Qxc6 14. Ne4 Rh7 15. Nf3 b5 16. Nd6+ Kd8 17. O-O Kc7 18. a4 Rb8 19. axb5 axb5 20. Ra7+ Bb7 21. Nxb7 Rxb7 22. Rxb7+ Kxb7 23. Ng5 Rg7 24. Nxf7 Qd5 25. Nd6+ Kb6 26. c4 bxc4 27. dxc4 Qd4+ 28. Qxd4 cxd4 29. b4 Ne7 30. Rf7 Rxf7 31. Nxf7 Nc6 32. g5 Nxb4 33. Nd8 Nd3 34. g6 Nxe5 35. g7 Kc5 36.
g8=Q Kxc4 37. Kf2 Nd3+ 38. Ke2 Nf4+ 39. Ke1 Nd5 40. Kd2 Nc3 41. Qg4 Nb1+ 42. Kc1 Nc3 43. Qxh4 e5 44. Nf7 e4 45. Ne5+ Kd5 46. Ng4 e3 47. Qe7 Kc4 48. Nxe3+ dxe3 49. Qxe3 d5 50. Kd2 d4 51. Qe6+ Kc5 52. h4 Nd5 53. Qe5 Kc4 54.
h5 1-0

[Event "*** Titled Tuesday 3|2 Blitz (Late)"]
[Site "Chess.com"]
[Date "2016.12.06"]
[Round "9"]
[White "Fh2411"]
[Black "ShimanovAlex"]
[Result "0-1"]
[WhiteElo "2376"]
[BlackElo "2682"]
[TimeControl "180+2"]
[EndTime "18:51:09 PST"]
[Termination "ShimanovAlex won by resignation"]

1. d4 Nf6 2. Nf3 e6 3. Bf4 b6 4. e3 Bb7 5. Nbd2 d6 6. h3 g6 7. Bd3 Bg7 8. O-O Nbd7 9. Re1 Qe7 10. e4 e5 11. Bh2 O-O 12. c3 Nh5 13. a4 a5 14. Nc4 Rfe8 15. Na3 Nf8 16. d5 Bh6 17. b4 Nd7 18. Bb5 Red8 19. Nc4 Ra7 20. Rb1 Bc8 21. Bc6 Ba6 22. Nfd2 Nb8 23. bxa5 bxa5 24. Bb5 Bc8 25. Nb3 f5 26. Nbxa5 fxe4 27. Bc6 Na6 28. Bb5 Nb8 29. Bc6 Bf5 30. Rb2 Nf4 31. Nb7 Rf8 32. Ne3 Nd3 33. Ra2 Nxe1 34. Qxe1 Na6 35. a5 Rb8 36.
Qb1 Bc8 37. Qb5 Bxb7 38. Bxb7 Rbxb7 39. Qc6 Rb1+ 40. Nf1 e3 41. Bg3 Nc5 42. a6 Rb6 0-1

[Event "*** Titled Tuesday 3|2 Blitz (Late)"]
[Site "Chess.com"]
[Date "2016.12.06"]
[Round "9"]
[White "Kawhi_Leonard2"]
[Black "oskariot"]
[Result "0-1"]
[WhiteElo "2232"]
[BlackElo "2404"]
[TimeControl "180+2"]
[EndTime "18:51:10 PST"]
[Termination "oskariot won by resignation"]

1. e4 c5 2. Nf3 d6 3. d4 cxd4 4.
Nxd4 Nf6 5. Nc3 Nc6 6. Bg5 Qb6 7. Nb3 e6 8. Qd2 a6 9. O-O-O Be7 10. f3 O-O 11. Be3 Qc7 12. g4 Nd7 13. g5 b5 14. h4 b4 15. Ne2 a5 16. Kb1 a4 17.
Nbd4 Nce5 18. Qxb4 Nc4 19. Bc1 Rb8 20. Qc3 d5 21.
Ka1 Bb4 22. Qd3 Nc5 23. Bf4 e5 24. Nb5 Rxb5 25. Qxd5 Nb3+ 26. cxb3 Rxd5 27. exd5 exf4 28. bxc4 Qxc4 29. Nc3 Qc5 30. Ne4 Qc2 31. Bd3 Qg2 32. a3 Ba5 33. d6 Bf5 34. Rhg1 Qxf3 35. Nf6+ gxf6 36. Bxf5 fxg5 37. Rxg5+ Kh8 38. Rdg1 Bd8 39. Rg7 Qh5 40. Bc2 Bf6 41. Rxh7+ Qxh7 42. Bxh7 Kxh7 43. Rg4 Be5 44. d7 Rd8 45. Rg5 f6 46. Rxe5 fxe5 0-1

[Event "*** Titled Tuesday 3|2 Blitz (Late)"]
[Site "Chess.com"]
[Date "2016.12.06"]
[Round "9"]
[White "FearlessKing64"]
[Black "chesstatour"]
[Result "0-1"]
[WhiteElo "2000"]
[BlackElo "1910"]
[TimeControl "180+2"]
[EndTime "18:51:14 PST"]
[Termination "chesstatour won on time"]

1. e4 c6 2. d4 d5 3. exd5 cxd5 4.
c4 Nf6 5. Nc3 Nc6 6. Nf3 Bg4 7.
cxd5 Nxd5 8. Qb3 Bxf3 9. gxf3 e6 10. Qxb7 Nxd4 11. Bb5+ Nxb5 12. Qc6+ Ke7 13. Qxb5 Rb8 14. Qc5+ Ke8 15. Qxa7 Bb4 16. Bd2 Ra8 17. Qd4 Nxc3 18.
Qxb4 Nd5 19. Qd4 Qf6 20. Qxf6 gxf6 21. Ke2 Ke7 22. Rhc1 Rhb8 23. Rc2 Rb7 24. b3 Rxb3 25. axb3 Rxa1 26. Rb2 Nb6 27. Be3 Nd5 28. b4 Ra8 29. Bc5+ Kd7 30. b5 Rb8 31. Kd3 Kc7 32. Kc4 Kb7 33.
Ra2 Ra8 34. Rxa8 Kxa8 35. Bd6 Kb7 36. Kc5 Nc3 37. Be7 f5 38. Bd8 Nd1 39. Bh4 Nc3 0-1

[Event "*** Titled Tuesday 3|2 Blitz (Late)"]
[Site "Chess.com"]
[Date "2016.12.06"]
[Round "9"]
[White "AllStarShark"]
[Black "visa"]
[Result "1-0"]
[WhiteElo "2312"]
[BlackElo "2135"]
[TimeControl "180+2"]
[EndTime "18:51:24 PST"]
[Termination "AllStarShark won by checkmate"]

1. d4 d5 2. c4 e6 3. Nc3 c6 4.
Nf3 Bd6 5. Bg5 f6 6. Bh4 dxc4 7. e4 b5 8. e5 Bb4 9. a4 a6 10. Be2 Bb7 11. O-O Bxc3 12. bxc3 g5 13. Bg3 f5 14. h4 h6 15. Qd2 g4 16. Nh2 Ne7 17. f3 h5 18. Qg5 Kd7 19. fxg4 hxg4 20. Bxg4 Rg8 21. Qh6 Rg6 22. Qh7 Qg8 23. Qxg8 Rxg8 24. d5 Nxd5 25. Bxf5 Rxg3 26. Bg4 Rxc3 27. Rf7+ Ne7 28. Rd1+ Ke8 29. Bh5 Rd3 30. Rdf1 Kd7 31. Rh7 c5 32. Rff7 Nc6 33.
Bf3 Re8 34. Ng4 c3 35. Nf6+ Kd8 36. Nxe8 c2 37. Nd6 c1=Q+ 38. Kh2 Nxe5 39. Nxb7+ Kc7 40.
Rxe7+ Kb6 41. a5+ Ka7 42. Nxc5+ Nd7 43. Rxd7+ Rxd7 44. Rxd7+ Kb8 45. Rd8+ Kc7 46. Nxe6# 1-0

[Event "*** Titled Tuesday 3|2 Blitz (Late)"]
[Site "Chess.com"]
[Date "2016.12.06"]
[Round "9"]
[White "HarutyunianTigranK"]
[Black "MaestroASK"]
[Result "1-0"]
[WhiteElo "2630"]
[BlackElo "2475"]
[TimeControl "180+2"]
[EndTime "18:51:27 PST"]
[Termination "HarutyunianTigranK won by checkmate"]

1. c4 d6 2. d4 g6 3. Nc3 c6 4. Nf3 Bg7 5. g3 e5 6. Bg2 f6 7. O-O Nh6 8. Ne4 Nf7 9. dxe5 dxe5 10. b3 Qxd1 11. Rxd1 f5 12. Nc3 e4 13. Nd4 O-O 14.
Ba3 Re8 15. Rac1 Na6 16. f3 exf3 17. exf3 Nc7 18. f4 Rd8 19. Nce2 Ne6 20. Nf3 Bf6 21. Rxd8+ Nexd8 22. Rd1 Ne6 23. Ned4 Nxd4 24. Nxd4 a5 25. Bc5 a4 26. b4 a3 27. b5 Ra4 28. bxc6 bxc6 29.
Nxc6 Rxc4 30. Bxa3 Ra4 31. Be7 Kg7 32. Bd5 Bb7 33.
Bxf6+ Kxf6 34. Bxf7 Bxc6 35. Bb3 Ra6 36. Rd6+ Ke7 37. Re6+ Kd7 38. Kf2 Ra8 39. Ke3 Rb8 40. Rf6 Re8+ 41. Kd4 Re2 42. Kc5 Be4 43. Rf7+ Ke8 44.
Rxh7 Re1 45. Kd6 Bb1 46. Rh8# 1-0

[Event "*** Titled Tuesday 3|2 Blitz (Late)"]
[Site "Chess.com"]
[Date "2016.12.06"]
[Round "9"]
[White "LPSupi"]
[Black "Pierrebl"]
[Result "0-1"]
[WhiteElo "2584"]
[BlackElo "2458"]
[TimeControl "180+2"]
[EndTime "18:51:38 PST"]
[Termination "Pierrebl won by resignation"]

1. e4 c5 2. Nf3 Nc6 3. Bb5 g6 4. O-O Bg7 5. c3 Nf6 6. e5 Nd5 7. d4 cxd4 8. cxd4 O-O 9. Nc3 Nxc3 10. bxc3 d6 11. exd6 Qxd6 12. a4 Bg4 13. h3 Bxf3 14.
Qxf3 Rac8 15. Ba3 Qc7 16. Bxc6 Qxc6 17. Qxc6 Rxc6 18. Bxe7 Rfc8 19. Bb4 Rc4 20. Rfb1 b6 21. a5 Bf8 22. axb6 axb6 23. Bxf8 Kxf8 24. Rxb6 Rxc3 25. Ra7 R8c7 26. Ra8+ Kg7 27. Rd8 Rc1+ 28. Kh2 R7c2 29. f3 Rf1 30. Kg3 Rff2 31. d5 Rxg2+ 32. Kf4 Rcd2 33. d6 Rd4+ 34. Ke5 Rgd2 35. Rb5 R4d3 36.
h4 Rxf3 37. Rbb8 Re3+ 38. Kf4 Red3 39. Rb6 Rd5 40. Rd7 R2d4+ 41. Kg3 h5 42. Rbb7 Rf5 43. Rd8 Rg4+ 44. Kh3 Rf1 45. Kh2 Rxh4+ 46. Kg2 Rd1 47. d7 Rhd4 48. Kf2 h4 49. Ke2 h3 50. Rbb8 Rxd7 51.
Rg8+ Kf6 52. Rh8 h2 0-1

[Event "*** Titled Tuesday 3|2 Blitz (Late)"]
[Site "Chess.com"]
[Date "2016.12.06"]
[Round "9"]
[White "stalyansky"]
[Black "Quiet_Desperation"]
[Result "1-0"]
[WhiteElo "2133"]
[BlackElo "2283"]
[TimeControl "180+2"]
[EndTime "18:51:44 PST"]
[Termination "stalyansky won by resignation"]

1. e4 Nc6 2. d4 d5 3. Nc3 e6 4.
Nf3 Nf6 5. Bd3 Bb4 6. exd5 exd5 7. O-O O-O 8. Bg5 Be7 9. h3 h6 10. Bh4 Be6 11. Re1 Nh5 12. Bxe7 Nxe7 13. Qd2 Nc6 14. Ne2 Qf6 15. Ne5 Qh4 16. Nf3 Qd8 17. c3 Qd7 18.
Nf4 Nxf4 19. Qxf4 Rae8 20. Re3 Ne7 21. Rae1 Ng6 22. Bxg6 fxg6 23. Qg3 Bf5 24. Ne5 Qd6 25. Qh4 Qf6 26. Qxf6 gxf6 27. Nf3 Rxe3 28. Rxe3 Kf7 29. Kf1 Re8 30. Ke2 Be4 31. Ne1 Bf5 32. Nf3 b6 33. Rxe8 Kxe8 34. Ke3 c5 35. Nh4 Bb1 36. a3 Kf7 37. Nf3 g5 38. Ne1 Ke6 39. g3 f5 40. Nf3 Be4 41. Nd2 Bg2 42. h4 Kf6 43. Ke2 Kg6 44. f3 gxh4 45. gxh4 Kh5 46. Kf2 Bh3 47. Kg3 Bg4 48. fxg4+ fxg4 49. Nf1 a5 50. Ne3 cxd4 51. cxd4 Kg6 52. Nxd5 Kf5 53. Nxb6 Ke4 54. d5 Kd4 55. d6 1-0

[Event "*** Titled Tuesday 3|2 Blitz (Late)"]
[Site "Chess.com"]
[Date "2016.12.06"]
[Round "9"]
[White "AlexanderL"]
[Black "viditchess"]
[Result "0-1"]
[WhiteElo "2585"]
[BlackElo "2643"]
[TimeControl "180+2"]
[EndTime "18:51:46 PST"]
[Termination "viditchess won by resignation"]

1. d4 Nf6 2. c4 g6 3. Nc3 d5 4. e3 Bg7 5. Bd2 O-O 6. Qb3 e6 7. Nf3 b6 8. cxd5 exd5 9. Be2 c5 10.
O-O Nc6 11. Rfd1 c4 12. Qc2 Bf5 13. Qc1 Rb8 14. Ne5 Qc8 15. Bf3 Rd8 16. b3 Nxe5 17.
dxe5 Ne4 18. Bxe4 dxe4 19. Nb5 cxb3 20. axb3 Bxe5 21. Ra2 Qxc1 22. Rxc1 Be6 23. Nd4 Bxd4 24. exd4 Rxd4 25. Be3 Rd7 26. Rca1 a5 27. Rb2 Rd3 28. b4 a4 29. Rd2 Rxd2 30. Bxd2 Rd8 31. Bg5 Rd3 32. Bf6 b5 33. h4 a3 34. Rc1 Bc4 35.
Re1 Rd6 36. Bc3 f5 37. Ra1 a2 38. Kh2 Rd3 39. Be5 Kf7 40. g3 Ke6 41. Bh8 Rd2 42. Kg1 Kd5 43. Bg7 Bd3 44. Rc1 Bc4 45. Bh8 Rd3 46.
Bg7 Rb3 47. Rd1+ Bd3 48. Ra1 Bb1 49. Bf8 Kc4 50. Kf1 Rxb4 51. Ke2 Rb2+ 52. Ke3 b4 53. Bg7 Rc2 54. h5 b3 55. hxg6 hxg6 0-1

[Event "*** Titled Tuesday 3|2 Blitz (Late)"]
[Site "Chess.com"]
[Date "2016.12.06"]
[Round "9"]
[White "amurdercastle"]
[Black "SwiftyMcBishop"]
[Result "0-1"]
[WhiteElo "2371"]
[BlackElo "2138"]
[TimeControl "180+2"]
[EndTime "18:51:52 PST"]
[Termination "SwiftyMcBishop won by checkmate"]

1. d4 d5 2. c4 dxc4 3. Nf3 Nf6 4.
e3 e6 5. Bxc4 a6 6. Nc3 c5 7.
O-O Be7 8. Qe2 Nbd7 9. Rd1 b5 10. Bd3 Qc7 11. Bd2 Bb7 12. Be1 O-O 13. Rac1 Rac8 14.
dxc5 Nxc5 15. Bb1 Qb6 16. a3 Nb3 17. Rc2 Na1 18. Rcc1 Nb3 19. Rc2 Rfd8 20. Rxd8+ Rxd8 21. Nd2 Nxd2 22. Rxd2 Rxd2 23. Qxd2 Qc6 24. f3 g6 25. Bf2 b4 26. axb4 Bxb4 27. Qd4 Bxc3 28. bxc3 Nd5 29. c4 a5 30. Be4 f5 31. Bb1 a4 32. e4 Nf4 33. Qd2 Nh5 34. exf5 exf5 35. Ba2 Kg7 36. Bd4+ Kf8 37. Qh6+ Ke8 38. Qxh7 Qd6 39.
Qh8+ Kd7 40. Qe5 Qa3 41. Qe2 Qc1+ 42. Kf2 Nf4 43. Qf1 Qd2+ 44. Kg3 Qxd4 45. Qe1 Ne6 46.
Kh3 Ng5+ 47. Kg3 f4+ 48. Kg4 Ne6 49. Qb4 Bc6 50. Qa5 Qc5 51. Qa6 Qg5+ 52. Kh3 Qh5# 0-1

[Event "*** Titled Tuesday 3|2 Blitz (Late)"]
[Site "Chess.com"]
[Date "2016.12.06"]
[Round "9"]
[White "Zlatan56"]
[Black "GeorgMeier"]
[Result "1-0"]
[WhiteElo "2674"]
[BlackElo "2748"]
[TimeControl "180+2"]
[EndTime "18:52:11 PST"]
[Termination "Zlatan56 won by resignation"]

1. d4 e6 2. Nf3 Nf6 3. e3 c5 4. c3 d5 5. Nbd2 Nbd7 6. Bd3 Qc7 7.
O-O Be7 8. e4 dxe4 9. Nxe4 O-O 10.
Bg5 h6 11. Bh4 b6 12. dxc5 bxc5 13. Qe2 Bb7 14. Rfd1 Bd5 15. c4 Bc6 16. Nxf6+ Bxf6 17. Bxf6 Nxf6 18. Ne5 Rfd8 19. Bc2 Kf8 20. Qe3 Be8 21. h3 Rab8 22. b3 Rbc8 23. Rxd8 Rxd8 24. Rd1 Rxd1+ 25. Bxd1 Qd6 26. Bf3 Ke7 27. Kf1 a5 28. Ke2 a4 29.
Nd3 axb3 30. axb3 Nd7 31. g3 Kd8 32. Kd2 f6 33. Kc3 Bf7 34. Qe4 Ke7 35. Kc2 Qa6 36.
Qb7 Qa2+ 37. Nb2 Bg6+ 38. Be4 Bxe4+ 39. Qxe4 Qa1 40. Nd3 Qa2+ 41. Kc3 Qa1+ 42. Kc2 Qa2+ 43. Kc3 Qb1 44. Nxc5 Qa1+ 45. Kb4 Nxc5 46. Kxc5 Qa5+ 47. Kd4 Qd2+ 48. Kc5 Qxf2+ 49. Kc6 Qxg3 50. c5 f5 51. Qd4 Qg2+ 52. Kc7 Qg3+ 53. Qd6+ 1-0

[Event "*** Titled Tuesday 3|2 Blitz (Late)"]
[Site "Chess.com"]
[Date "2016.12.06"]
[Round "9"]
[White "KNVB"]
[Black "chessking2151"]
[Result "1-0"]
[WhiteElo "2553"]
[BlackElo "2384"]
[TimeControl "180+2"]
[EndTime "18:53:03 PST"]
[Termination "KNVB won by resignation"]

1. d4 Nf6 2. c4 c5 3. d5 b5 4.
cxb5 a6 5. bxa6 g6 6. Nc3 Bxa6 7. e4 Qa5 8. Bd3 Bg7 9. Ne2 O-O 10. O-O d6 11. h3 Nbd7 12. Bxa6 Qxa6 13. Qc2 Rfb8 14. Rb1 Ne8 15. Bg5 Kf8 16. b3 Ne5 17. Rfd1 c4 18. b4 Nd3 19. b5 Qa3 20. Be3 Nb4 21. Qc1 Nxa2 22. Nxa2 Qxa2 23. Nd4 Qa4 24. b6 Rb7 25.
Nc6 Bf6 26. Bd4 Bxd4 27. Rxd4 Qa6 28. Qb2 Nf6 29. e5 dxe5 30. Nxe5 c3 31. Qxc3 Rxb6 32. Rxb6 Qxb6 33. Nc6 Qb1+ 34. Kh2 Qf5 35. Rd3 Qd7 36. Qe5 Qd6 37. Qxd6 exd6 38. g4 h6 39. f4 Ra2+ 40.
Kg3 Ne4+ 41. Kf3 Nd2+ 42. Ke3 Nc4+ 43. Kd4 Nb6 44. g5 hxg5 45. fxg5 Ra4+ 46. Ke3 Rh4 47. Kf2 Kg7 48. Nd8 Rh5 49. Rf3 Nxd5 50. Rxf7+ Kg8 51.
Rd7 Nf4 52. h4 Rxh4 53. Kg3 Ng2 54. Kxg2 Rg4+ 55. Kf3 Rxg5 56. Ne6 Re5 57. Nf4 Rg5 58. Ke4 d5+ 59. Nxd5 Kf8 60. Nf4 Kg8 61. Ne6 Rg4+ 62.
Ke5 Rg1 63. Rg7+ Kh8 64. Rb7 Re1+ 65. Kf6 Rf1+ 66. Kxg6 Rf8 67. Nxf8 Kg8 68. Rb8 1-0

[Event "*** Titled Tuesday 3|2 Blitz (Late)"]
[Site "Chess.com"]
[Date "2016.12.06"]
[Round "9"]
[White "wonderfultime"]
[Black "gmshanmeruga"]
[Result "1/2-1/2"]
[WhiteElo "2677"]
[BlackElo "2352"]
[TimeControl "180+2"]
[EndTime "18:53:05 PST"]
[Termination "Game drawn by repetition"]

1. d4 Nf6 2. c4 g6 3. Nc3 d5 4.
Bg5 Ne4 5. Bf4 c6 6. e3 Bg7 7. Bd3 Nxc3 8. bxc3 dxc4 9. Bxc4 O-O 10. Nf3 Nd7 11.
O-O Nf6 12. Rc1 Bf5 13. h3 b5 14. Bb3 a5 15. a3 a4 16. Ba2 e6 17. Ne5 Rc8 18. c4 Qe7 19. c5 Be4 20. Nd3 Qb7 21. Nb4 Nd5 22. Bxd5 Bxd5 23. Qg4 Rfe8 24. Be5 f6 25.
Bd6 Bc4 26. Rfd1 Qf7 27. Qf3 Qd7 28. e4 f5 29. e5 Bb3 30. Rd3 Bh6 31. Rb1 Bd5 32.
Nxd5 exd5 33. Qg3 f4 34. Qg4 Qxg4 35. hxg4 Ra8 36. Kf1 Bg5 37. Ke2 Bd8 38. Rf3 g5 39. Rh3 Re6 40. Kd2 Kg7 41. Rbh1 h6 42. Kc2 Ba5 43.
Rb1 Ree8 44. Kb2 Ra7 45. Kc2 Rb7 46. Rhh1 Re6 47. Kd3 Re8 48. Rb2 Re6 49. Ke2 Re8 50. Rhb1 Re6 51. Kd3 Re8 52. Rf1 Rf7 53. Rbb1 Re6 54.
Kc2 Re8 55. f3 Re6 56. Rg1 Re8 57. Kd3 Re6 58. g3 Re8 59. gxf4 Rxf4 60. Rg3 Re6 61. Rh3 Rf7 62. Ke3 Rf4 63. Kd3 Rf7 64. Rf1 Rf4 65.
Rfh1 Rf7 66. Rf1 Rf4 67. Ke3 Bc3 68. Rd1 Bb2 69. Rd3 Bc1+ 70. Ke2 Bb2 71. Ke3 Bc1+ 72. Ke2 Bb2 73. Ke3 Bc1+ 74. Ke2 Bb2 1/2-1/2

[Event "*** Titled Tuesday 3|2 Blitz (Late)"]
[Site "Chess.com"]
[Date "2016.12.06"]
[Round "9"]
[White "nonsopolo1"]
[Black "nonscitis"]
[Result "0-1"]
[WhiteElo "2186"]
[BlackElo "2368"]
[TimeControl "180+2"]
[EndTime "18:54:03 PST"]
[Termination "nonscitis won by resignation"]

1. e4 c5 2. Nf3 d6 3. d4 cxd4 4.
Nxd4 Nf6 5. Nc3 a6 6. Bg5 Nbd7 7. f4 Qc7 8. Qf3 h6 9. Bh4 g5 10. fxg5 hxg5 11. Bxg5 Qc5 12. Be3 Ne5 13. Qg3 Nfg4 14.
Nf5 Nxe3 15. Qxe3 Qb4 16. Rb1 Bxf5 17. exf5 Bh6 18. Qe4 Qb6 19. Nd5 Qd8 20. Be2 Rc8 21. O-O Rg8 22. f6 e6 23. Ne7 Rh8 24. Nxc8 Qxc8 25. Rbd1 Qc5+ 26. Kh1 Nc6 27. c3 d5 28. Qh4 Ne5 29. Qh5 Ng6 30. Bd3 Bf4 31. Bxg6 Rxh5 32. Bxh5 Qc7 33. g3 Be5 34. Rde1 Kf8 35. Kg2 b5 36. Re2 Bd6 37. Rff2 Qc4 38. a3 Qd3 39. Bf3 Bc5 40. Rf1 Qg6 41. h4 Bd6 42. g4 Qh6 43.
Kh3 Qf4 44. Rg2 Qxf6 45. Be2 Qe5 46. h5 Qe3+ 47. Rf3 Qc1 48. Bf1 Kg7 49. Rgf2 f5 50.
g5 Kh8 51. Rg2 Qd1 52. Rgf2 Bc5 53. Re2 Qc1 54. Kh4 Be7 55. Rg2 f4 56. h6 Qe1+ 57.
Kh5 Qe5 58. Bd3 Qe1 59. Kg6 Qe5 60. Kh5 Qe1 61. Rxf4 Qh1+ 62. Kg6 Qxg2 63. Kf7 Qxg5 64.
Rf2 e5 65. Ke6 e4 66. Bc2 e3 67. Re2 Qg4+ 68. Kxe7 Qxe2 69. Bg6 Qxb2 70. h7 Qxc3 71.
Bf7 Qxa3+ 72. Kf6 e2 73. Kg6 e1=Q 74. Kg5 Qae7+ 0-1

[Event "*** Titled Tuesday 3|2 Blitz (Late)"]
[Site "Chess.com"]
[Date "2016.12.06"]
[Round "9"]
[White "Genghis_K"]
[Black "GM_Barcenilla"]
[Result "1-0"]
[WhiteElo "2692"]
[BlackElo "2660"]
[TimeControl "180+2"]
[EndTime "18:54:32 PST"]
[Termination "Genghis_K won on time"]

1. e4 g6 2. d4 Bg7 3. c4 c5 4. Nf3 cxd4 5. Nxd4 Nc6 6. Be3 d6 7.
Nc3 Nf6 8. Be2 O-O 9. O-O Nxd4 10. Bxd4 b6 11. Qd3 Bb7 12. b4 Qd7 13. a4 Qe6 14.
f3 a6 15. a5 bxa5 16. Rxa5 Nd7 17. Bxg7 Kxg7 18. f4 Nf6 19. f5 gxf5 20. Raxf5 Bxe4 21. Nxe4 Qxe4 22. Qd2 Kh8 23. R5f4 Qe5 24. Bd3 Qg5 25. h4 Qg7 26. Rf5 h6 27. R1f3 Rg8 28. Rg3 Qf8 29. Rgf3 Qg7 30. Rg3 Qf8 31. Rff3 Rxg3 32. Rxg3 Rb8 33.
Qc3 Qd8 34. Kh2 e5 35. Qc1 Qf8 36. c5 d5 37. c6 Ne8 38. Qe3 Qd6 39. Bg6 Kg7 40. Bh5+ Kf8 41. Qa7 Qc7 42. Qc5+ Qd6 43. Qa7 Qc7 44. Qxc7 Nxc7 45. Rf3 Ke7 46. Rxf7+ Kd6 47.
Rf6+ Ke7 48. Rf7+ Kd6 49. Rf6+ Ke7 50. Rxh6 Rxb4 51. g4 a5 52. g5 a4 53. g6 Rb8 54.
Bd1 a3 55. Rh7+ Kd6 56. Rd7+ Kxc6 57. Ba4+ Nb5 58. Bxb5+ Kxb5 59. Ra7 Kb4 60. g7 d4 61. Rb7+ Rxb7 62. g8=Q d3 63. Qf8+ Kb3 64. Qd6 Rb5 65.
Qxd3+ Ka4 66. Qc4+ Ka5 67. Qc3+ Ka4 68. Qc4+ Rb4 69.
Qa6+ Kb3 70. h5 a2 71. Qd3+ Kb2 72. Qd2+ Kb3 73. Qd3+ Kb2 74. Qe2+ Kb3 75. Qxe5 Rh4+ 76.
Kg3 Rxh5 77. Qe3+ Kb2 78. Qd2+ Kb3 79. Qd3+ Kb2 80. Qd4+ Kb1 81. Qb4+ Kc2 82. Qa3 Kb1 83. Qb3+ Ka1 84. Qc3+ Kb1 85. Qb3+ Ka1 86. Qc2 1-0